 Dungeon Crawl Stone Soup version 0.32-a0-765-gfba4d74c8c (webtiles) character file.

Game seed: 17170721666652880662

53 Nvm9 the Trooper (level 3, -1/29 HPs)
             Began as a Demonspawn Fighter on Mar 18, 2024.
             Incinerated by a bombardier beetle (4 damage)
             ... with a burning spray
             ... on level 4 of the Dungeon.
             The game lasted 00:03:11 (2107 turns).

Nvm9 the Trooper (Demonspawn Fighter)               Turns: 2107, Time: 00:03:11

Health: -1/29      AC:  6    Str: 16 (18) XL:     3   Next: 62%
Magic:  3/3        EV:  7    Int:  7 (8)  God:
Gold:   112        SH:  4    Dex: 11 (12) Spells: 2/2 levels left

rFire   . . .        a - +0 war axe
rCold   . . .        c - +0 buckler
rNeg    . . .        b - +0 scale mail
rPois   .            (helmet restricted)
rElec   .            (no cloak)
rCorr   .            (no gloves)
SInv    .            (no boots)
Will    .....        (no amulet)
Stlth   +            (no ring)
HPRegen 0.24/turn    (no ring)
MPRegen 0.08/turn

%: no passive effects
@: on fire, glowing
A: horns 1, demonic magic 1, talons 1, camouflage 1, mutation resistance 1
a: no special abilities


You were on level 4 of the Dungeon.
You visited 1 branch of the dungeon, and saw 4 of its levels.

You collected 112 gold pieces.

Inventory:

Hand Weapons
 a - a +0 war axe (weapon)
Armour
 b - a +0 scale mail (worn)
 c - a +0 buckler (worn)
Jewellery
 k - a ring of flight
Scrolls
 f - 2 scrolls of identify
 g - 2 scrolls of teleportation {unknown}
 j - a scroll of amnesia
 l - a scroll of torment {unknown}
 m - a scroll of revelation {unknown}
 n - a scroll of brand weapon {unknown}
 o - a scroll of vulnerability {unknown}
Potions
 d - 2 potions of might
 e - a potion of ambrosia
 i - a potion of lignification


   Skills:
 * Level 3.4 Fighting
 * Level 2.4 Axes
 * Level 3.1 Armour
 * Level 3.1 Shields


You had 2 spell levels left.
You didn't know any spells.
Your spell library contained the following spells:

 Spells                   Type           Power      Damage    Failure   Level
 Magic Dart               Conj           0%         1d3       91%         1
 Blink                    Tloc           0%         N/A       97%         2
 Call Imp                 Summ           0%         N/A       97%         2


Dungeon Overview and Level Annotations

Branches:
Dungeon (3/15)

Altars:
Kikubaaqudgha


Innate Abilities, Weirdness & Mutations

You have a pair of small horns on your head.
Spells you cast may paralyse adjacent enemies.
You have sharp toenails.
Your skin changes colour to match your surroundings (Stealth+).
You are somewhat resistant to further mutation.


Message History

You hit the bombardier beetle.
The bombardier beetle is severely wounded.
The liquid fire burns you!
* * * LOW HITPOINT WARNING * * *
The bombardier beetle misses you.
Unknown command.
You shake off the liquid fire.
You feel much better.
The bombardier beetle bites you but does no damage.
You closely miss the bombardier beetle. You claw the bombardier beetle.
The bombardier beetle is almost dead.
The bombardier beetle sprays incendiary fluid at you.
The burning spray hits you.
You are covered in liquid fire!
You hit the bombardier beetle.
The bombardier beetle is almost dead.
The liquid fire burns you! The bombardier beetle bites you.
You shake off some of the fire as you move.
The liquid fire burns you!
You barely miss the bombardier beetle.
You headbutt the bombardier beetle, but do no damage.
The bombardier beetle is almost dead.
The liquid fire burns you!
The bombardier beetle completely misses you.
A hound comes into view.
You shake off some of the fire as you move.
The liquid fire burns you!
* * * LOW HITPOINT WARNING * * *
The hound barks!
The bombardier beetle sprays incendiary fluid at you.
The burning spray hits you.
You are even more covered in liquid fire!
Okay, then.
You shake off some of the fire as you move.
The liquid fire burns you!
* * * LOW HITPOINT WARNING * * *
You shake off some of the fire as you move.
The liquid fire burns you!
You die...

#.##..# #.....#
#.....## ..
####......# ..#
##........### ...#
#...#.......###
...####...##........#
. .....#...####.....##
...##..##@.###.....###
...h......!....#)....#
....................##
.....#..B...........#
#... #..............#
.. #.....$..##.##...#
...........#.#....#
.......##.#.....#..#
.......##.##...##..#


You could see a bombardier beetle and a hound.

Vanquished Creatures
  An adder (D:3)
  A dart slug (D:1)
  An orc (D:3)
  A ball python (D:2)
  4 endoplasms
  2 giant cockroaches (D:1)
  3 goblins (D:1)
  4 hobgoblins
  9 jackals (D:1)
  A quokka (D:1)
  2 bats
  5 kobolds
  A rat (D:1)
35 creatures vanquished.

Notes
Turn   | Place    | Note
-------+----------+-------------------------------------------
     0 | D:1      | Nvm9 the Demonspawn Fighter began the quest for the Orb.
     0 | D:1      | Reached XP level 1. HP: 18/18 MP: 1/1
   108 | D:1      | Gained mutation: You have a pair of small horns on your
                  | head. [demonic ancestry]
   108 | D:1      | Reached XP level 2. HP: 24/24 MP: 2/2
   486 | D:1      | Gained mutation: Spells you cast may paralyse adjacent
                  | enemies. [demonic ancestry]
   486 | D:1      | Reached XP level 3. HP: 29/29 MP: 3/3
  1072 | D:1      | Gained mutation: Your skin changes colour to match your
                  | surroundings (Stealth+). [potion of mutation]
  1072 | D:1      | Gained mutation: You have sharp toenails. [potion of
                  | mutation]
  1072 | D:1      | Gained mutation: You are somewhat resistant to further
                  | mutation. [potion of mutation]
  2071 | D:3      | You fall into a shaft and drop 1 floor!
  2081 | D:4      | Found an ancient bone altar of Kikubaaqudgha.
  2098 | D:4      | HP: 1/29 [burnt (6)]
  2107 | D:4      | Incinerated by a bombardier beetle

Illustrated notes

Levels and vault maps discovered:
D:1:      shiori_arrival_oz, layout_loops_ring, serial_forest,
          infiniplex_forest_clump_tiny, infiniplex_forest_corner_1,
          infiniplex_forest_end_1, infiniplex_forest_zigzag_1,
          infiniplex_forest_lined_4_way
D:2:      layout_basic, serial_aquarium, aquarium_bridge_square
          [aquarium_subvault_window, aquarium_subvault_wall,
          aquarium_subvault_bridge, aquarium_subvault_wall],
          aquarium_window_corridor_1, aquarium_window_fake,
          aquarium_window_fake, aquarium_view_2d, aquarium_balcony_1a,
          aquarium_pool_four
D:3:      layout_basic, mainiacjoe_overflow_surrounded_room,
          nicolae_wu_jian_wuxing_cycle
D:4:      layout_cave_pools, marbit_many_paths,
          mainiacjoe_overflow_small_starburst, hellmonk_ghost_happy_afterlife,
          nicolae_shop_i_like_big_books, serial_bayou_ford_a

Skill      XL: |  1  2 |
---------------+-------+-----
Axes           | 2 |  2.4
Armour         | 3 |  3.1
Shields        | 3 |  3.1
Fighting       | |  3.4

Action                     || total
---------------------------++-------
  Melee: War axe           ||    87
         Headbutt          ||    17
         Kick              ||     8
    Use: Potion            ||    10
         Scroll            ||     1
 Armour: Scale mail        ||    66
  Dodge: Dodged            ||    33
  Block: Buckler           ||    19

Table legend: (Time is in decaauts)
 A = Elapsed time spent in this place.
 B = Non-inter-level travel time spent in this place.
 C = Inter-level travel time spent in this place.
 D = Time resting spent in this place.
 E = Time spent auto-exploring this place.
 F = Levels seen in this place.
 G = Mean time per level.
                   A        B        C        D        E       F      G
               +--------+--------+--------+--------+--------+-----+--------+
         Total |   2159 |   2059 |    100 |    207 |   1566 |   4 |  539.8 |
       Dungeon |   2159 |   2059 |    100 |    207 |   1566 |   4 |  539.8 |
               +--------+--------+--------+--------+--------+-----+--------+

Top non-repeatable levels by time:
     D:1: 1114 daAuts
     D:2: 727 daAuts
     D:3: 278 daAuts
     D:4: 38 daAuts
